 Dungeon Crawl Stone Soup version 0.28.0-49-g6dfe1f597d (webtiles) character file.

Game seed: 260655933695135923

46 Gabide the Poker (level 3, 0/29 HPs)
             Began as a Human Monk on May 17, 2022.
             Was a Priest of Cheibriados.
             Succumbed to Ijyb's poison
             ... on level 2 of the Dungeon.
             The game lasted 00:02:51 (1288 turns).

Gabide the Poker (Human Monk)                       Turns: 1288, Time: 00:02:52

Health: 0/29       AC:  4    Str: 21    XL:     3   Next: 92%
Magic:  3/3        EV: 14    Int: 20    God:    Cheibriados [***...]
Gold:   11         SH:  0    Dex: 23    Spells: 2/2 levels left

rFire   . . .      SeeInvis .   a - +0 spear
rCold   . . .      Faith    .   (no shield)
rNeg    . . .      Spirit   .   b - +0 robe
rPois   .          Reflect  .   c - +0 helmet
rElec   .          Harm     .   (no cloak)
rCorr   .          Rampage  .   (no gloves)
Will    .....      Clarity  +   e - +0 pair of boots
Stlth   ++........              (no amulet)
HPRegen 0.09/turn               (no ring)
MPRegen 0.08/turn               (no ring)

@: lethally poisoned (0 -> -20), about to teleport, very slow
A: clarity, clever 1
a: Renounce Religion, Bend Time, Temporal Distortion


You were on level 2 of the Dungeon.
You worshipped Cheibriados.
Cheibriados was most pleased with you.
You visited 1 branch of the dungeon, and saw 2 of its levels.

You collected 11 gold pieces.

Inventory:

Hand Weapons
 a - a +0 spear (weapon)
Armour
 b - a +0 robe (worn)
 c - a +0 helmet (worn)
 e - a +0 pair of boots (worn)
Scrolls
 h - a scroll of amnesia {unknown}
 i - a scroll of enchant armour {unknown}
 j - a scroll of identify {unknown}


   Skills:
 - Level 3.0 Fighting
 + Level 4.5 Polearms
 - Level 3.0 Dodging
 - Level 2.0 Stealth


You had 2 spell levels left.
You didn't know any spells.
Your spell library contained the following spells:

 Spells                   Type           Power      Damage    Failure   Level
 Ozocubu's Armour         Ice            0%         N/A       50%         3
 Ozocubu's Refrigeration  Ice            0%         4d5       100%        7


Dungeon Overview and Level Annotations

Branches:
Dungeon (2/15)

Altars:
Cheibriados

Annotations:
D:2 Ijyb


Innate Abilities, Weirdness & Mutations

You possess an exceptional clarity of mind.
Your mind is acute. (Int +2)


Message History

You feel sick.
Ijyb hits you with a +1 dagger of venom.
You are lethally poisoned!
You barely miss Ijyb.
Ijyb is moderately wounded.
You feel very sick.
You are too injured to fight recklessly!
You are too injured to fight recklessly!
You are too injured to fight recklessly!
You are too injured to fight recklessly!
You are too injured to fight recklessly!
You are too injured to fight recklessly!
You are too injured to fight recklessly!
You are too injured to fight recklessly!
You are too injured to fight recklessly!
You are too injured to fight recklessly!
You are too injured to fight recklessly!
You are too injured to fight recklessly!
You are too injured to fight recklessly!
You are too injured to fight recklessly!
Press: ? - help, v - describe, . - travel
Here: Ijyb, wielding a +1 dagger of venom, wearing a +0 scale mail and carrying a wand of mindburst (10) (moderately wounded)
The floor.
Unknown command.
Unknown command.
It was a potion of mutation.
You feel extremely strange.
Your thoughts seem clearer.
You feel clever.
You feel very sick. Ijyb closely misses you.
It was a potion of magic.
Magic courses through your body.
* * * LOW HITPOINT WARNING * * *
You feel sick. Ijyb barely misses you.
As you read the scroll of teleportation, it crumbles to dust.
You feel strangely unstable.
* * * LOW HITPOINT WARNING * * *
You feel sick.
Ijyb hits you with a +1 dagger of venom.
* * * LOW HITPOINT WARNING * * *
You are more poisoned.
You die...

#.# #.##.#
#.##.#
#....#
####.#
#.#8.)...8
#.#.......
#.#8g..g.8
#.#...g...
#@#8.g...8
#.#.g.....
#g#8.....8
#gg.gg....
##gg......
.......##
........#
.......#.#
........+
#


You could see Ijyb and 3 goblins.

Vanquished Creatures
  A worm (D:2)
  A dart slug (D:1)
  5 endoplasms
  4 giant cockroaches (D:1)
  4 jackals (D:1)
  7 ball pythons (D:1)
  6 bats
  A frilled lizard (D:1)
  5 goblins
  A kobold (D:1)
  2 rats (D:1)
37 creatures vanquished.

Notes
Turn   | Place    | Note
-------+----------+-------------------------------------------
     0 | D:1      | Gabide the Human Monk began the quest for the Orb.
     0 | D:1      | Reached XP level 1. HP: 18/18 MP: 1/1
   123 | D:1      | Found a faded altar of an unknown god.
   151 | D:1      | Reached XP level 2. HP: 19/24 MP: 2/2
   198 | D:1      | Prayed at the altar of an unknown god.
   198 | D:1      | Became a worshipper of Cheibriados the Contemplative
   198 | D:1      | Reached * piety under Cheibriados
   198 | D:1      | Reached ** piety under Cheibriados
   296 | D:1      | Reached *** piety under Cheibriados
   301 | D:1      | Reached skill level 4 in Polearms
   301 | D:1      | Reached XP level 3. HP: 2/29 MP: 3/3
  1272 | D:2      | Noticed Ijyb
  1285 | D:2      | Gained mutation: You possess an exceptional clarity of
                  | mind. [potion of mutation]
  1285 | D:2      | Gained mutation: Your mind is acute. (Int +2) [potion of
                  | mutation]
  1288 | D:2      | Succumbed to Ijyb's poison

Illustrated notes

Levels and vault maps discovered:
D:1:      dpeg_arrival_arbitrary_b, layout_basic,
          nicolae_ecumenical_snake_handling
D:2:      kennysheep_the_goblin_king, layout_basic, minmay_circle_x

Skill      XL: |  1  2 |
---------------+-------+-----
Polearms       | 4 |  4.5
Fighting       | |  3.0
Dodging        | |  3.0
Stealth        | |  2.0

Action                   || total
-------------------------++-------
Melee: Spear             ||   129
       Punch             ||     2
  Use: Scroll            ||     2
       Potion            ||     2
 Stab: Sleeping          ||     7
       Distracted        ||     1
Armor: Robe              ||    35
Dodge: Dodged            ||    98
